 Dungeon Crawl Stone Soup version 0.17.0-9-g801d43b (webtiles) character file.

443 oplop the Sneak (level 7, -1/37 HPs)
             Began as a Vine Stalker Assassin on Nov 9, 2015.
             Killed from afar by Ijyb (17 damage)
             ... with a wand of lightning
             ... on level 3 of the Dungeon.
             The game lasted 00:07:42 (2067 turns).

oplop the Sneak (Vine Stalker Assassin)             Turns: 2067, Time: 00:07:42

Health: -1/37      AC:  5    Str: 14    XL:     7   Next: 2%
Magic:  0/8        EV: 11    Int: 14    God:
Gold:   89         SH:  0    Dex: 17    Spells: 0 memorised, 6 levels left

rFire  . . .     SeeInvis .     a - +2 dagger
rCold  . . .     Clarity  .     c - +0 robe
rNeg   . . .     SustAt   .     (no shield)
rPois  .         Gourm    .     w - +1 helmet {Int+3}
rElec  .         Spirit   +     d - +0 cloak
rCorr  .         Warding  .     (no gloves)
rMut   .         Stasis   .     (no boots)
MR     .....                    (no amulet)
Stlth  ++++......               (no ring)
                                (no ring)

@: not resistant to hostile enchantments, stealthy
A: fangs 2, regeneration 2, magic shield, antimagic bite, no device heal 3, rot
immunity
a: no special abilities


You were on level 3 of the Dungeon.
You were not hungry.

You visited 1 branch of the dungeon, and saw 3 of its levels.

You collected 89 gold pieces.

Inventory:

Hand Weapons
 a - a +2 dagger (weapon)
 b - a +0 blowgun
Missiles
 e - 2 poisoned needles
 f - a curare-tipped needle
Armour
 c - a +0 robe (worn)
 d - a +0 cloak (worn)
 w - a +1 helmet of intelligence (worn)
Wands
 r - a wand of heal wounds (5)
Scrolls
 i - 5 scrolls of identify {unknown}
 j - 2 scrolls of immolation {unknown}
 k - 3 scrolls of teleportation {unknown}
 o - a scroll of magic mapping {unknown}
 p - a scroll of blinking {unknown}
 v - 2 scrolls of remove curse {unknown}
 x - a scroll of noise {unknown}
Potions
 l - a potion of agility {unknown}
 m - 2 potions of might {unknown}
 s - a potion of flight {unknown}
 t - a potion of curing {unknown}
 u - a potion of magic {unknown}
Comestibles
 g - a bread ration
 h - a royal jelly
 n - a slice of pizza
 q - 3 meat rations
 z - a chunk of flesh


   Skills:
 + Level 4.0 Fighting
 + Level 3.8 Short Blades
 - Level 1.8 Throwing
 - Level 0.7 Dodging
 + Level 7.4 Stealth


You had 6 spell levels left.
You didn't know any spells.

Dungeon Overview and Level Annotations

Branches:
Dungeon (3/15)

Altars:

Annotations:
D:3 exclusion: quokka, Grinder, Ijyb


Innate Abilities, Weirdness & Mutations

You have extremely sharp teeth.
You heal very quickly.
When hurt, damage is shared between your health and your magic reserves.
Your bite disrupts and absorbs the magic of your enemies.
Potions and wands cannot restore your health.
You are immune to rotting.


Message History

Firing (i - inventory. (,) - cycle):
e - 3 poisoned needles (quivered)
Press: ? - help, Shift-Dir - straight line, f/p - Ijyb
Aim: Ijyb (poisoned)
You shoot a poisoned needle. The poisoned needle hits Ijyb!
Ijyb looks even sicker.
a - a +2 dagger (weapon)
Ijyb hits you but does no damage.
You hit Ijyb but do no damage.
Ijyb is moderately wounded.
Ijyb closely misses you.
You hit Ijyb.
Ijyb is heavily wounded.
Ijyb zaps a wand.
The bolt of lightning hits you!
It is a wand of lightning.
You closely miss Ijyb. Your bite misses Ijyb.
Ijyb is severely wounded.
Ijyb zaps a wand.
The bolt of lightning misses you.
You miss Ijyb. Your bite misses Ijyb.
Ijyb is severely wounded.
Ijyb zaps a wand.
The bolt of lightning hits you!
You die...

#.###.### #.# # #g# #)#
#.# # #g###.####### #.# #
#.##........####.# #
######.##.)###........# #
g...g..)..((<(.#.#########
#
######.##........).......!
. #.##.######.######### #
#.##.# #@# # #.##.# #g#
#g...# #.# ###### #(# #(#
#.# #.# #.#


You could see Ijyb.

Vanquished Creatures
  Sigmund (D:2)
  A gnoll shaman (D:3)
  Crazy Yiuf (D:2)
  Jessica (D:2)
  Robin (D:3)
  5 gnolls (D:3)
  6 adders
  An ooze (D:1)
  A worm (D:2)
  A giant gecko (D:2)
  11 orcs (D:3)
  8 goblins
  10 hobgoblins
  5 jackals
  6 kobolds
  A quokka (D:2)
  A ball python (D:1)
  12 bats
  A giant newt (D:3)
  6 rats
80 creatures vanquished.

Notes
Turn   | Place    | Note
--------------------------------------------------------------
     0 | D:1      | oplop the Vine Stalker Assassin began the quest for the Orb.
     0 | D:1      | Reached XP level 1. HP: 11/11 MP: 2/2
    14 | D:1      | Reached skill level 5 in Stealth
    46 | D:1      | Reached XP level 2. HP: 15/15 MP: 3/3
    51 | D:1      | You fall through a shaft!
    51 | D:2      | Noticed Sigmund
   538 | D:2      | Noticed Jessica
   544 | D:2      | Killed Jessica
   544 | D:2      | Reached XP level 3. HP: 17/19 MP: 4/4
   578 | D:2      | Reached XP level 4. HP: 14/23 MP: 3/5
   761 | D:2      | Killed Sigmund
   761 | D:2      | Reached skill level 6 in Stealth
   761 | D:2      | Reached XP level 5. HP: 7/28 MP: 1/6
   761 | D:2      | Gained mutation: You heal very quickly. [Vine Stalker growth]
   761 | D:2      | Reached XP level 6. HP: 8/32 MP: 1/7
  1147 | D:2      | Noticed Crazy Yiuf
  1213 | D:2      | Killed Crazy Yiuf
  1295 | D:3      | Noticed Grinder
  1497 | D:3      | Noticed Robin
  1510 | D:3      | Killed Robin
  1560 | D:3      | Reached skill level 7 in Stealth
  1692 | D:3      | HP: 1/33 [gnoll shaman/club (4)]
  1759 | D:3      | Noticed Ijyb
  1938 | D:3      | Reached XP level 7. HP: 37/37 MP: 8/8
  2067 | D:3      | Killed from afar by Ijyb

Action                   |  1- 3 |  4- 6 |  7- 9 || total
-------------------------+-------+-------+-------++-------
Melee: Dagger            |    51 |   153 |     8 ||   212
 Fire: Blowgun           |     4 |    27 |     5 ||    36
 Stab: Sleeping          |     6 |    17 |     1 ||    24
       Distracted        |       |     1 |       ||     1
  Eat: Chunk             |       |     2 |     1 ||     3
       Beef jerky        |       |     1 |       ||     1
